 Dungeon Crawl Stone Soup version 0.29-a0-474-gdfe5cd140f (webtiles) character file.

Game seed: 7522640600383205311

63 Infinimo the Cudgeller (level 3, -4/28 HPs)
             Began as a Demonspawn Gladiator on May 24, 2022.
             Slain by an iguana (8 damage)
             ... on level 3 of the Dungeon.
             The game lasted 00:02:02 (2322 turns).

Infinimo the Cudgeller (Demonspawn Gladiator)       Turns: 2322, Time: 00:02:03

Health: -4/28      AC:  7    Str: 14    XL:     3   Next: 89%
Magic:  3/3        EV: 11    Int: 11    God:
Gold:   109        SH:  4    Dex: 14    Spells: 2/2 levels left

rFire   . . .      SeeInvis .   a - +1 flail
rCold   . . .      Faith    .   (no shield)
rNeg    . . .      Spirit   .   q - +1 ring mail {rPois}
rPois   +          Reflect  .   c - +0 helmet
rElec   .          Harm     .   (no cloak)
rCorr   +          Rampage  .   (no gloves)
Will    .....                   (no boots)
Stlth   +.........              (no amulet)
HPRegen 0.09/turn               i - ring of resist corrosion
MPRegen 0.08/turn               (no ring)

@: no status effects
A: large bone plates 1, demonic magic 1
a: no special abilities


You were on level 3 of the Dungeon.
You visited 1 branch of the dungeon, and saw 3 of its levels.

You collected 109 gold pieces.

Inventory:

Hand Weapons
 a - a +1 flail (weapon)
Missiles
 d - 3 throwing nets (quivered)
 e - a javelin
Armour
 c - a +0 helmet (worn)
 q - a +1 ring mail of poison resistance (worn)
Jewellery
 b - an amulet of magic regeneration
 i - a ring of resist corrosion (left hand)
Potions
 h - a potion of curing
 j - a potion of flight {unknown}
 k - a potion of brilliance
 l - 2 potions of attraction
 m - a potion of lignification {unknown}
 p - a potion of cancellation {unknown}


   Skills:
 + Level 2.6 Fighting
 * Level 3.7 Maces & Flails
 - Level 1.7 Throwing
 + Level 3.1 Dodging


You had 2 spell levels left.
You didn't know any spells.
Your spell library contained the following spells:

 Spells                   Type           Power      Damage    Failure   Level
 Beastly Appendage        Tmut           0%         N/A       58%         1
 Wereblood                Tmut           0%         N/A       73%         2
 Spider Form              Tmut/Pois      0%         N/A       91%         3


Dungeon Overview and Level Annotations

Branches:
Dungeon (3/15)

Altars:


Innate Abilities, Weirdness & Mutations

You are partially covered in large bone plates. (SH +4)
Spells you cast may paralyse adjacent enemies.


Message History

No target in view!
No target in view!
No target in view!
No target in view!
No target in view!
No target in view!
No target in view!
No target in view!
You now have 109 gold pieces (gained 13).
You see here a +0 robe.
A kobold comes into view. It is wielding a +0 dagger.
The kobold shouts!
You hear an angry hiss.
A kobold is nearby!
A kobold is nearby!
An iguana comes into view.
The iguana hisses angrily.
The kobold is severely wounded.
The kobold is severely wounded.
You block the kobold's attack.
You kill the kobold!
You block the iguana's attack. The iguana bites you.
The iguana is moderately wounded.
The iguana bites you. The iguana bites you!
You are too injured to fight recklessly!
You are too injured to fight recklessly!
You are too injured to fight recklessly!
You are too injured to fight recklessly!
You are too injured to fight recklessly!
You are too injured to fight recklessly!
You are too injured to fight recklessly!
You are too injured to fight recklessly!
An iguana is nearby!
The iguana attacks as you move away! The iguana bites you!
* * * LOW HITPOINT WARNING * * *
The iguana is moderately wounded.
The iguana is moderately wounded.
The iguana is moderately wounded.
The iguana bites you!
You die...

# # #. .# .###. ...
#)# #.###########
#####
#.l@........####....
###########.##......
####...........###
.>........##...#
####.###...#...#
#.###.#.#...#
.####.#...#.....#
........#####...###
#####.#...#........


You could see an iguana.

Vanquished Creatures
  2 dart slugs
  3 orcs (D:2)
  2 ball pythons
  3 endoplasms
  2 giant cockroaches
  4 hobgoblins
  7 jackals
  5 kobolds
  3 quokkas (D:1)
  5 bats
  2 frilled lizards
  7 goblins
  4 rats
49 creatures vanquished.

Notes
Turn   | Place    | Note
-------+----------+-------------------------------------------
     0 | D:1      | Infinimo the Demonspawn Gladiator began the quest for the
                  | Orb.
     0 | D:1      | Reached XP level 1. HP: 16/16 MP: 1/1
    43 | D:1      | Found a faded altar of an unknown god.
    75 | D:1      | Gained mutation: You are partially covered in large bone
                  | plates. (SH +4) [demonic ancestry]
    75 | D:1      | Reached XP level 2. HP: 12/22 MP: 2/2
   698 | D:1      | Gained mutation: Spells you cast may paralyse adjacent
                  | enemies. [demonic ancestry]
   698 | D:1      | Reached XP level 3. HP: 28/28 MP: 3/3
  2322 | D:3      | Slain by an iguana

Illustrated notes

Levels and vault maps discovered:
D:1:      dpeg_arrival_simpleton_b, layout_rooms,
          hellmonk_ecumenical_altar_blasted
D:2:      layout_rooms, serial_forest, infiniplex_forest_join,
          infiniplex_forest_straight_3, infiniplex_forest_straight_1,
          infiniplex_forest_end_1, infiniplex_forest_end_1,
          infiniplex_forest_lined_3_way, infiniplex_forest_lined_2,
          guppyfry_early_orc_mine
D:3:      layout_loops_ring

Skill      XL: |  1  2 |
---------------+-------+-----
Maces & Flails | 3 |  3.7
Dodging        | 3 |  3.1
Fighting       | |  2.6
Throwing       | |  1.7

Action                   || total
-------------------------++-------
Melee: Flail             ||   134
  Use: Scroll            ||     6
Armor: Leather armour    ||    53
       Ring mail         ||     4
Dodge: Dodged            ||    98
Block: Other             ||    26

Table legend: (Time is in decaauts)
 A = Elapsed time spent in this place.
 B = Non-inter-level travel time spent in this place.
 C = Inter-level travel time spent in this place.
 D = Time resting spent in this place.
 E = Time spent auto-exploring this place.
 F = Levels seen in this place.
 G = Mean time per level.
                   A        B        C        D        E       F      G
               +--------+--------+--------+--------+--------+-----+--------+
         Total |   2353 |   2251 |    102 |    100 |   1802 |   3 |  784.3 |
       Dungeon |   2353 |   2251 |    102 |    100 |   1802 |   3 |  784.3 |
               +--------+--------+--------+--------+--------+-----+--------+

Top non-repeatable levels by time:
     D:1: 1135 daAuts
     D:2: 1017 daAuts
     D:3: 200 daAuts
